 Dungeon Crawl Stone Soup version 0.22.1-1-ga44c0e56f4 (webtiles) character file.

416 sipior the Bolt Thrower (level 6, -3/49 HPs)
             Began as a Barachi Hunter on Oct 18, 2018.
             Killed by divine providence
             ... invoked by an orc priest
              (13 damage)
             ... on level 4 of the Dungeon.
             The game lasted 00:11:35 (3080 turns).

sipior the Bolt Thrower (Barachi Hunter)            Turns: 3080, Time: 00:11:36

Health: -3/49      AC: 11    Str: 14    XL:     6   Next: 92%
Magic:  6/6        EV:  7    Int: 12    God:
Gold:   128        SH:  0    Dex: 13    Spells: 5/5 levels left

rFire    + . .     SeeInvis +   b - +0 broad axe
rCold    . . .     Gourm    .   (no shield)
rNeg     . . .     Faith    .   j - +0 chain mail {rF+}
rPois    .         Spirit   .   e - +0 helmet
rElec    .         Reflect  .   c - +0 cloak
rCorr    .         Harm     .   (no gloves)
MR       .....                  (no boots)
Stlth    ..........             (no amulet)
HPRegen  0.16/turn              i - ring of see invisible
MPRegen  0.10/turn              (no ring)

@: slow
A: +LOS, swims, slowness 1, strong legs 1
a: Hop


You were on level 4 of the Dungeon.
You were not hungry.

You visited 1 branch of the dungeon, and saw 5 of its levels.

You collected 128 gold pieces.

Inventory:

Hand Weapons
 a - a +1 hand crossbow
 b - a +0 broad axe (weapon)
Missiles
 d - 19 bolts
 k - 21 poisoned needles
Armour
 c - a +0 cloak (worn)
 e - a +0 helmet (worn)
 g - a +0 leather armour of poison resistance
 j - a +0 chain mail of fire resistance (worn)
Magical Staves
 r - an uncursed staff of fire
Jewellery
 i - a ring of see invisible (left hand)
Scrolls
 m - a scroll of enchant armour {unknown}
 o - 2 scrolls of teleportation
 q - 2 scrolls of remove curse
 u - a scroll of magic mapping {unknown}
Potions
 h - a potion of ambrosia {unknown}
 l - 2 potions of lignification
 p - 3 potions of invisibility
 s - 3 potions of curing {unknown}
 t - a potion of flight {unknown}
Comestibles
 f - 5 rations
 n - 4 chunks of flesh


   Skills:
 + Level 4.4 Fighting
   Level 2.5 Short Blades
 + Level 0.9 Axes
 + Level 5.1 Crossbows
 + Level 2.9 Armour
 + Level 4.0 Dodging
 - Level 1.2 Stealth


You had 5 spell levels left.
You didn't know any spells.
Your spell library was empty.

Dungeon Overview and Level Annotations

Branches:
Dungeon (5/15)
 Temple: D:4-7

Altars:
Vehumet

Annotations:
D:3 1 runed door, Freyura's ghost, amateur FoFi


Innate Abilities, Weirdness & Mutations

Shadows flee at your approach. (+LOS)
You can swim through water.
You cover ground slowly.
You can hop short distances.


Message History

* * * LOW HITPOINT WARNING * * *
The leopard gecko skeleton bites you but does no damage.
The orc hits you but does no damage.
The orc priest hits you but does no damage.
You slash the orc priest!
The orc priest is heavily wounded.
You closely miss the orc. You hit the leopard gecko skeleton.
The leopard gecko skeleton bites you but does no damage.
The orc hits you but does no damage. The orc priest barely misses you.
The leopard gecko skeleton bites you but does no damage.
You hit the orc priest.
The orc priest is almost dead.
You closely miss the orc.
You hit the leopard gecko skeleton but do no damage.
The orc hits you but does no damage. The orc priest barely misses you.
The leopard gecko skeleton bites you but does no damage.
The orc barely misses you.
The orc priest invokes the aid of Beogh against you.
Beogh smites you!
You die...

.# ...#. .### ...#. ...
.... .. ... .# ..# #
.#####.#. ####..##.#
>........ ....... ...
.........######o#.##.....
###.##.........o@.....#
........<..Z......#
###..#.#.######.#.##..#
...... .. #.#.# .# ###..#
. #.#.# ###.. .....
.....# #.#.# ##...# #.#.#
# #.#.#


You could see an orc priest, an orc and a leopard gecko skeleton.

Vanquished Creatures
  Grinder (D:3)
  An orc wizard (D:2)
  2 orc priests
  A worker ant (D:4)
  3 adders
  An ooze (D:2)
  2 worms
  A dart slug (D:1)
  2 leopard geckos
  5 orcs
  A ball python (D:3)
  7 bats
  8 giant cockroaches
  14 goblins
  11 hobgoblins
  A quokka (D:2)
  A frilled lizard (D:1)
  9 kobolds
  3 rats
74 creatures vanquished.

Notes
Turn   | Place    | Note
-------+----------+-------------------------------------------
     0 | D:1      | sipior the Barachi Hunter began the quest for the Orb.
     0 | D:1      | Reached XP level 1. HP: 17/17 MP: 1/1
    74 | D:1      | Reached skill level 1 in Stealth
   240 | D:1      | Reached XP level 2. HP: 22/23 MP: 2/2
   622 | D:1      | Reached XP level 3. HP: 27/28 MP: 3/3
   947 | D:2      | Reached skill level 1 in Short Blades
   998 | D:2      | Found a radiant altar of Vehumet.
  1604 | D:2      | Reached XP level 4. HP: 35/35 MP: 4/4
  1904 | D:3      | Noticed Freyura's ghost (amateur FoFi)
  1908 | D:3      | Found a runed door.
  1913 | D:3      | Reached skill level 1 in Armour
  2171 | D:3      | Reached XP level 5. HP: 41/41 MP: 5/5
  2193 | D:3      | Noticed Grinder
  2207 | D:3      | Paralysed by Grinder for 6 turns
  2213 | D:3      | Killed Grinder
  2213 | D:3      | Reached XP level 6. HP: 26/48 MP: 6/6
  2532 | D:3      | Reached skill level 5 in Crossbows
  2583 | D:3      | You fall through a shaft for 2 floors!
  2583 | D:5      | Entered Level 5 of the Dungeon
  3080 | D:4      | Killed from afar by an orc priest

Skill      XL: |  1  2  3  4  5  6 |
---------------+-------------------+-----
Stealth        | 1 |  1.2
Fighting       | 3 4 |  4.4
Short Blades   | 1 2 |  2.5
Dodging        | 3 4 |  4.0
Armour         | 1 2 |  2.9
Crossbows      | 5 |  5.1
Axes           | |  0.9

Action                   |  1- 3 |  4- 6 || total
-------------------------+-------+-------++-------
Melee: Short sword       |   165 |    78 ||   243
       Broad axe         |       |    70 ||    70
 Fire: Hand crossbow     |     1 |    12 ||    13
 Abil: Hop               |       |     3 ||     3
  Use: Scroll            |     1 |     4 ||     5
 Stab: Sleeping          |     2 |       ||     2
  Eat: Chunk             |     2 |     7 ||     9
Armor: Leather armour    |    27 |       ||    27
       Chain mail        |    50 |   132 ||   182
Dodge: Dodged            |    76 |    64 ||   140
